 Dungeon Crawl Stone Soup version 0.25-a0-200-g5ba96148f3 (webtiles) character file.

Game seed: 8054436853893190010, levelgen mode: deterministic

315 floatRand the Sneak (level 5, 0/41 HPs)
             Began as a Demigod Assassin on Dec 1, 2019.
             Slain by an orc wizard
             ... wielding a +0 dagger
              (3 damage)
             ... on level 4 of the Dungeon.
             The game lasted 00:05:22 (4225 turns).

floatRand the Sneak (Demigod Assassin)              Turns: 4225, Time: 00:05:23

Health: 0/41       AC:  5    Str: 16    XL:     5   Next: 99%
Magic:  7/7        EV: 14    Int: 15    God:
Gold:   171        SH:  0    Dex: 17    Spells: 4/4 levels left

rFire    . . .     SeeInvis .   a - +2 dagger
rCold    . . .     Gourm    .   (no shield)
rNeg     . . .     Faith    .   b - +0 robe
rPois    .         Spirit   .   (no helmet)
rElec    .         Reflect  .   c - +1 cloak
rCorr    .         Harm     .   (no gloves)
MR       .....                  k - +0 pair of boots
Stlth    +++.......             (no amulet)
HPRegen  0.13/turn              (no ring)
MPRegen  0.10/turn              (no ring)

@: very slightly contaminated, invisible
A: high mp 1
a: no special abilities


You were on level 4 of the Dungeon.
You were not hungry.

You visited 1 branch of the dungeon, and saw 4 of its levels.

You collected 171 gold pieces.

Inventory:

Hand Weapons
 a - a +2 dagger (weapon)
Missiles
 d - 8 poisoned darts (quivered)
 e - a curare-tipped dart
Armour
 b - a +0 robe (worn)
 c - a +1 cloak (worn)
 k - a +0 pair of boots (worn)
Jewellery
 q - a cursed amulet of inaccuracy {unknown}
Scrolls
 i - 10 scrolls of remove curse
 l - a scroll of identify
Potions
 g - a potion of berserk rage
 h - 3 potions of lignification
 m - 2 potions of cancellation
 n - a potion of flight {unknown}
 p - a potion of heal wounds {unknown}
Comestibles
 f - 4 rations
 o - 3 chunks of flesh


   Skills:
 - Level 1.7 Fighting
 + Level 3.7 Short Blades
 - Level 1.7 Throwing
 + Level 3.3 Dodging
 + Level 5.1 Stealth


You had 4 spell levels left.
You didn't know any spells.
Your spell library contained the following spells:

 Spells                   Type           Power        Failure   Level  Hunger
 Beastly Appendage        Tmut           #.....       26%         1    ##.....
 Sticks to Snakes         Tmut           #.......     38%         2    ###....
 Spider Form              Tmut/Pois      #.........   63%         3    ####...
 Ice Form                 Ice/Tmut       #.......     95%         4    #####..
 Blade Hands              Tmut           #.........   100%        5    ######.


Dungeon Overview and Level Annotations

Branches:
Dungeon (4/15)             Temple (0/1) D:4


Innate Abilities, Weirdness & Mutations

You have an increased reservoir of magic. (+10% MP)


Message History

The orc barely misses you.
You hit something but do no damage. Something barely misses you.
The orc hits you.
* * * LOW HITPOINT WARNING * * *
The orc priest looks encouraged for a moment.
You barely miss something. Something barely misses you.
You barely miss something. The orc priest closely misses you.
The orc completely misses you. Something hits you but does no damage.
You closely miss the orc priest.
The orc priest hits you but does no damage.
You barely miss the orc priest.
You hear some strange, mumbled words.
A puff of flame appears from out of thin air!
The puff of flame hits you.
* * * LOW HITPOINT WARNING * * *
The orc completely misses you. The orc priest closely misses you.
You hit the orc priest but do no damage.
Something hits you.
You die...

#...o.>.####
#.......... #..$# #.
## ##.### #.# #.
#...## #.# #. #....#
#.####. ###..#
######.#.... #oo#
#........⌠.. #)@#
###.###....... #{.#
#.........###.
#####..###<#.###...#
#. ..............#
##.####.
...........#.##
#.....#
######.###...#
#####.# #.# ##(##
#.# #.# #.# #.# #.#
#.# #####..


You could see an orc priest and an orc.

Vanquished Creatures
  An ogre (D:4)
  An orc priest (D:4)
  An iguana (D:4)
  7 adders
  An ooze (D:1)
  An adder skeleton (D:3)
  2 worms
  A dart slug (D:2)
  2 leopard geckos
  4 orcs
  6 giant cockroaches
  15 goblins
  11 hobgoblins
  4 jackals (D:1)
  A quokka (D:2)
  2 ball pythons
  8 bats
  4 frilled lizards
  10 kobolds
  10 rats
92 creatures vanquished.

Vanquished Creatures (others)
  An orc (D:4)
1 creature vanquished.

Grand Total: 93 creatures vanquished

Notes
Turn   | Place    | Note
-------+----------+-------------------------------------------
     0 | D:1      | floatRand the Demigod Assassin began the quest for the Orb.
     0 | D:1      | Reached XP level 1. HP: 17/17 MP: 3/3
    48 | D:1      | Reached skill level 1 in Dodging
   248 | D:1      | Reached XP level 2. HP: 21/24 MP: 4/4
   546 | D:1      | Reached skill level 4 in Stealth
  1070 | D:1      | Reached XP level 3. HP: 18/29 MP: 5/5
  1474 | D:2      | Found an opulent altar of Gozag.
  1524 | D:2      | Found a hide-covered altar of Uskayaw.
  1524 | D:2      | Found an ornate altar of the Wu Jian Council.
  1825 | D:2      | Reached XP level 4. HP: 25/36 MP: 6/6
  3590 | D:3      | Reached XP level 5. HP: 39/41 MP: 7/7
  3977 | D:4      | Found a radiant altar of Vehumet.
  3991 | D:4      | Found a staircase to the Ecumenical Temple.
  3994 | D:4      | Noticed an ogre
  4031 | D:4      | Killed an ogre
  4031 | D:4      | Reached skill level 5 in Stealth
  4225 | D:4      | Slain by an orc wizard

Levels and vault maps discovered:
D:1:      kennysheep_arrival_seaside, layout_basic, serial_curves,
          eino_curves_03, eino_curves_03
D:2:      layout_basic, grunt_gozag_statues, gammafunk_temple_overflow_statue,
          first_ration, minmay_3d_cube
D:3:      layout_loops_cross, guppyfry_early_orc_mine
D:4:      layout_loops_ring, vehumet_crystals, minmay_temple_entry_junction

Skill      XL: |  1  2  3  4  5 |
---------------+----------------+-----
Dodging        | 1 2 3 |  3.3
Short Blades   | 2 3 |  3.7
Stealth        | 4 5 |  5.1
Fighting       | |  1.7
Throwing       | |  1.7

Action                   |  1- 3 |  4- 6 || total
-------------------------+-------+-------++-------
Melee: Dagger            |   173 |   204 ||   377
Throw: Dart              |       |     1 ||     1
  Use: Scroll            |     2 |    10 ||    12
       Potion            |       |     3 ||     3
 Stab: Sleeping          |    11 |     7 ||    18
       Invisible         |       |     1 ||     1
  Eat: Chunk             |     3 |     8 ||    11
Armor: Robe              |    32 |    37 ||    69
Dodge: Dodged            |   110 |   126 ||   236

Table legend:
 A = Non-vault XP
 B = Vault XP
 C = Vault XP percentage of total XP
 D = Non-vault monster count
 E = Vault monster count
 F = Vault count percentage of total count
                 A         B        C        D         E       F
            +---------+---------+-------+---------+---------+-------
      Total |     417 |      33 |   7.3 |      81 |      11 |  12.0
            +---------+---------+-------+---------+---------+-------
        D:1 |      53 |       0 |   0.0 |      29 |       0 |   0.0
        D:2 |     119 |      16 |  11.9 |      33 |       4 |  10.8
        D:3 |      41 |      17 |  29.3 |      15 |       7 |  31.8
        D:4 |     204 |       0 |   0.0 |       4 |       0 |   0.0
            +---------+---------+-------+---------+---------+-------
